 Dungeon Crawl Stone Soup version 0.17-a0-2101-g0c122e7 (webtiles) character file.

1733 4thArraOfDagon the Cleaver (level 8, -11/73 HPs)
             Began as a Minotaur Fighter on Oct 18, 2015.
             Was an Initiate of Ashenzari.
             Mangled by a two-headed ogre
             ... wielding a +0 giant spiked club
              (19 damage)
             ... on level 10 of the Dungeon.
             The game lasted 00:07:00 (1355 turns).

4thArraOfDagon the Cleaver (Minotaur Fighter)       Turns: 1355, Time: 00:07:00

Health: -11/73     AC:  9    Str: 20    XL:     8   Next: 76%
Magic:  9/9        EV:  7    Int:  7    God:    Ashenzari [......]
Gold:   188        SH:  9    Dex: 11    Spells: 0 memorised, 7 levels left

rFire  . . .     SeeInvis .     a - +1 war axe
rCold  . . .     Clarity  .     b - +0 scale mail
rNeg   . . .     SustAt   .     c - +0 shield
rPois  .         Gourm    .     (helmet restricted)
rElec  .         Spirit   .     (no cloak)
rCorr  .         Warding  .     (no gloves)
rMut   .         Stasis   .     m - +0 pair of boots
MR     .....                    (no amulet)
Stlth  ..........               (no ring)
                                (no ring)

@: not resistant to hostile enchantments, extremely unstealthy
A: retaliatory headbutt, horns 2
a: Renounce Religion


You were on level 10 of the Dungeon.
You worshipped Ashenzari.
Ashenzari was noncommittal.
You were not hungry.

You visited 2 branches of the dungeon, and saw 11 of its levels.

You collected 188 gold pieces.

Inventory:

Hand Weapons
 a - a +1 war axe (weapon)
Armour
 b - a +0 scale mail (worn)
 c - a +0 shield (worn)
 m - a +0 pair of boots (worn)
Wands
 l - a wand of polymorph (19)
 n - a wand of magic darts (14)
Scrolls
 f - a scroll of identify
 g - a scroll of recharging
 i - a scroll of amnesia
 k - a scroll of enchant weapon
Potions
 r - a potion of flight
Books
 o - a Necronomicon

   Spells                             Type                      Level
   a - Haunt                          Necromancy/Summoning         7
   b - Borgnjor's Revivification      Necromancy                   8
   c - Death's Door                   Charms/Necromancy            8
   d - Necromutation                  Transmutation/Necromancy     8
Miscellaneous
 p - a fan of gales (inert)
Comestibles
 d - 4 chunks of flesh
 e - 2 bread rations
 h - a meat ration
 j - 2 slices of pizza
 q - a beef jerky


   Skills:
 + Level 7.3 Fighting
 * Level 9.3 Axes
 + Level 7.4 Armour
 - Level 3.6 Shields
 + Level 2.9 Evocations


You had 7 spell levels left.
You didn't know any spells.

Dungeon Overview and Level Annotations

Branches:
Dungeon (10/15)            Temple (1/1) D:7
   Lair: D:8-11         Orc: D:9-12

Altars:
Ashenzari
Elyvilon
Fedhas
Kikubaaqudgha
Nemelex Xobeh
Qazlal
Vehumet
Xom
Zin


Innate Abilities, Weirdness & Mutations

You reflexively headbutt those who attack you in melee.
You have a pair of horns on your head.


Message History

The two-headed ogre is moderately wounded.
You block the two-headed ogre's attack.
The two-headed ogre hits you with a giant spiked club!
Some of the chunks of flesh in your inventory have rotted away.
You hit the two-headed ogre.
The two-headed ogre is moderately wounded.
The two-headed ogre hits you with a giant spiked club.
The two-headed ogre hits you with a giant spiked club!
* * * LOW HITPOINT WARNING * * *
You slash the two-headed ogre!
The two-headed ogre is heavily wounded.
The two-headed ogre hits you with a giant spiked club.
* * * LOW HITPOINT WARNING * * *
You block the two-headed ogre's attack.
Unknown command.
Your shield prevents you from hitting the two-headed ogre.
Your headbutt misses the two-headed ogre.
The two-headed ogre is heavily wounded.
The two-headed ogre hits you with a giant spiked club!!
You die...

#.(.#
#...##
##...#
#...##
##...##
#....##
###..Y#
##.O##
###@##
##.##
##.###
##..##
#...##
##...##
##...#
##..##
##..##
#


You could see a two-headed ogre and an ice beast.

Vanquished Creatures
  A troll (D:9)
  A deep elf mage (D:9)
  A hippogriff (D:7)
  An ogre (D:9)
  A necrophage (D:9)
  A centaur (D:6)
  A black bear (D:9)
  6 giant frogs
  4 killer bees
  A crimson imp (D:6)
  2 hounds (D:6)
  3 worker ants
  A hound zombie (D:6)
  A hound skeleton (D:4)
  A worker ant zombie (D:7)
  5 adders
  A shadow imp (D:9)
  An adder skeleton (D:5)
  An adder zombie (D:7)
  2 giant geckos
  A goblin (D:1)
  A hobgoblin (D:1)
  2 quokkas
  A ball python (D:4)
  A bat (D:1)
  3 giant newts
  4 jackals (D:9)
  A jackal zombie (D:9)
  A kobold (D:3)
  3 rats (D:1)
54 creatures vanquished.

Vanquished Creatures (collateral kills)
  A troll (D:9)
  A goblin (D:9)
2 creatures vanquished.

Grand Total: 56 creatures vanquished

Notes
Turn   | Place    | Note
--------------------------------------------------------------
     0 | D:1      | 4thArraOfDagon the Minotaur Fighter began the quest for the Orb.
     0 | D:1      | Reached XP level 1. HP: 19/19 MP: 0/0
    74 | D:1      | Reached XP level 2. HP: 21/27 MP: 1/1
   156 | D:4      | Reached skill level 4 in Fighting
   193 | D:5      | Entered Level 5 of the Dungeon
   254 | D:5      | Reached XP level 3. HP: 33/33 MP: 2/2
   366 | D:6      | Noticed a giant frog
   368 | D:6      | Noticed a giant frog
   369 | D:6      | Killed a giant frog
   369 | D:6      | Reached XP level 4. HP: 15/41 MP: 3/3
   383 | D:6      | Killed a giant frog
   383 | D:6      | Reached skill level 5 in Axes
   383 | D:6      | Reached XP level 5. HP: 30/47 MP: 4/4
   510 | D:6      | Reached skill level 5 in Fighting
   510 | D:6      | Reached skill level 5 in Armour
   517 | D:6      | Reached XP level 6. HP: 44/56 MP: 5/5
   536 | D:6      | Reached skill level 6 in Axes
   595 | D:6      | Noticed a centaur
   607 | D:6      | Killed a centaur
   615 | D:7      | Found a staircase to the Ecumenical Temple.
   615 | D:7      | Noticed a hippogriff
   622 | Temple   | Entered the Ecumenical Temple
   692 | D:7      | Killed a hippogriff
   692 | D:7      | Reached skill level 7 in Axes
   692 | D:7      | Reached XP level 7. HP: 31/62 MP: 6/6
   938 | D:9      | Found a shattered altar of Ashenzari.
   950 | D:9      | Reached skill level 1 in Evocations
   953 | D:9      | Became a worshipper of Ashenzari the Shackled
   966 | D:9      | Reached skill level 8 in Axes
   966 | D:9      | Reached XP level 8. HP: 29/71 MP: 6/8
   991 | D:9      | Noticed a troll
  1001 | D:9      | Killed a troll
  1008 | D:9      | Noticed a troll
  1009 | D:9      | Found a radiant altar of Vehumet.
  1013 | D:9      | Killed a troll
  1049 | D:9      | Noticed a deep elf mage
  1053 | D:10     | Entered Level 10 of the Dungeon
  1112 | D:9      | Killed a deep elf mage
  1112 | D:9      | Reached skill level 9 in Axes
  1236 | D:10     | Noticed a two-headed ogre
  1355 | D:10     | Mangled by a two-headed ogre

Vault maps used:
D:1:      dpeg_arrival_pits
D:2:      minivault_24
D:3:      grunt_ministairs_15
D:4:      serial_shops, shop_fountains, first_bread, kennysheep_nondescript
D:5:      gammafunk_temple_overflow_pools, old_standard_altar, basic_altar
D:6:      nicolae_tso_swordbearing_angel,
          nicolae_gozag_cash_rules_everything_around_me, enter_ossuary_2,
          serial_shops, shop_statue, serial_park_tiny_1,
          hangedman_abyss_or_decor_stabs, uniq_eustachio, uniq_menkaure
D:7:      amethyst_overflow_temple_binary, minmay_temple_entry_crystal_x,
          cheibriados_altar_wand_db, uniq_prince_ribbit1
D:8:      grunt_temple_overflow_bloody_war, basic_altar, uniq_erica
D:9:      evilmike_ruin_ashenzari, vehumet_altar_wand_db
D:10:     st_stairs_7
Temple:   nicolae_temple_great_sept

Action                   |  1- 3 |  4- 6 |  7- 9 || total
-------------------------+-------+-------+-------++-------
Melee: War axe           |    40 |    75 |    81 ||   196
Evoke: Fan of gales      |       |       |     1 ||     1
  Use: Scroll            |     3 |     3 |     1 ||     7
       Potion            |       |     2 |     5 ||     7
  Eat: Chunk             |       |       |     2 ||     2
